 Dungeon Crawl Stone Soup version 0.19-a0-630-g098d46c (webtiles) character file.

704 rabidgoldfish the Skirmisher (level 7, -3/93 HPs)
             Began as a Hill Orc Fighter on June 13, 2016.
             Slain by an ogre
             ... wielding a +0 giant club
              (5 damage)
             ... on level 5 of the Dungeon on June 14, 2016.
             The game lasted 00:31:24 (3177 turns).

rabidgoldfish the Skirmisher (Hill Orc Fighter)     Turns: 3177, Time: 00:31:24

Health: -3/93      AC: 23    Str: 21    XL:     7   Next: 67%
Magic:  7/7        EV:  2    Int:  8    God:
Gold:   171        SH: 10    Dex: 10    Spells: 0 memorised, 6 levels left

rFire  . . .     SeeInvis .     a - +0 war axe
rCold  . . .     Gourm    .     (armour currently unavailable)
rNeg   + + +     Faith    .     c - +0 shield
rPois  +         Spirit   .     (helmet currently unavailable)
rElec  .         Dismiss  .     (cloak currently unavailable)
rCorr  .         Reflect  .     (gloves currently unavailable)
SustAt .         Harm     .     (boots currently unavailable)
MR     +....     NoTele   +     (no amulet)
Stlth  +.........               (no ring)
                                o - ring of protection from magic

@: tree-form, somewhat resistant to hostile enchantments, very unstealthy
A: no striking features
a: no special abilities


You were on level 5 of the Dungeon.
You were not hungry.
You were a tree.
You visited 1 branch of the dungeon, and saw 5 of its levels.

You collected 171 gold pieces.

Inventory:

Hand Weapons
 a - a +0 war axe (weapon)
Missiles
 e - 6 javelins (quivered)
Armour
 b - a +0 scale mail (melded)
 c - a +0 shield (worn)
 s - a +0 pair of boots (melded)
 u - a -1 helmet
Jewellery
 l - an uncursed amulet of harm
 o - a ring of protection from magic (left branch)
 q - an uncursed amulet of rage {unknown}
Wands
 h - a wand of confusion (30/48)
 y - a wand of lightning (4/15)
Scrolls
 i - a scroll of amnesia {unknown}
 j - a scroll of immolation {unknown}
 k - a scroll of recharging {unknown}
 n - 3 scrolls of teleportation
 t - a scroll of remove curse
 v - a scroll of fear {unknown}
 x - 2 scrolls of enchant armour {unknown}
Potions
 d - a potion of might
 g - a potion of invisibility {unknown}
 m - a potion of flight {unknown}
 r - a potion of haste
 w - a potion of lignification
Comestibles
 f - 2 bread rations


   Skills:
 * Level 5.7 Fighting
 + Level 4.7 Axes
 - Level 0.8 Throwing
 + Level 5.5 Armour
 + Level 2.4 Dodging
 + Level 0.3 Stealth
 + Level 5.2 Shields


You had 6 spell levels left.
You didn't know any spells.

Dungeon Overview and Level Annotations

Branches:
Dungeon (5/15)
 Temple: D:4-7

Altars:
Fedhas
Gozag
Qazlal
Trog


Message History

It was a potion of lignification.
You turn into a tree.
Your +0 pair of boots melds into your body.
Your +0 scale mail melds into your body.
Your roots penetrate the ground.
The ogre hits you but does no damage. You block the orc's attack.
You closely miss the ogre.
The ogre is almost dead.
You block the ogre's attack. You block the orc's attack.
There are monsters nearby!
There are monsters nearby!
You block the ogre's attack. The orc hits you but does no damage.
You hit the ogre but do no damage.
The ogre is almost dead.
The ogre hits you with a giant club!
* * * LOW HITPOINT WARNING * * *
The orc barely misses you.
You barely miss the ogre.
The ogre is almost dead.
The ogre hits you with a giant club.
You die...

####..........#
#...#.#########
#.#.#.#.. ..#
#.#.#.#.####.#
#.#<#.#....#.#
#.###....#.#.#
#.######.#.#.#
#.....#......##.#
#####.####o.♣O..#
#...............
################


You could see an ogre and an orc.

Vanquished Creatures
  The ghost of richardnixon the Spear-Bearer, an amateur MfSk (D:3)
  A phantom (D:4)
  An ogre (D:4)
  A howler monkey (D:4)
  A quasit (D:3)
  Crazy Yiuf (D:3)
  An orc wizard (D:4)
  2 worker ants
  Robin (D:2)
  8 adders
  2 oozes
  A worm (D:2)
  3 giant geckos
  4 orcs
  10 giant cockroaches
  16 goblins
  7 hobgoblins
  2 quokkas
  A ball python (D:2)
  4 bats
  3 giant newts
  3 kobolds
  9 rats
  6 fungi
89 creatures vanquished.

Notes
Turn   | Place    | Note
--------------------------------------------------------------
     0 | D:1      | rabidgoldfish the Hill Orc Fighter began the quest for the Orb.
     0 | D:1      | Reached XP level 1. HP: 19/19 MP: 1/1
   385 | D:1      | Reached XP level 2. HP: 27/27 MP: 2/2
  1038 | D:3      | Found a bloodstained altar of Trog.
  1038 | D:3      | Noticed richardnixon's ghost (amateur MfSk)
  1117 | D:2      | Reached XP level 3. HP: 29/33 MP: 3/3
  1171 | D:2      | Found an opulent altar of Gozag.
  1241 | D:2      | Noticed Robin
  1268 | D:2      | Killed Robin
  1366 | D:2      | Reached XP level 4. HP: 28/41 MP: 4/4
  1584 | D:2      | Found a blossoming altar of Fedhas.
  1602 | D:2      | Found a stormy altar of Qazlal.
  2083 | D:3      | Reached skill level 1 in Dodging
  2121 | D:3      | Reached XP level 5. HP: 17/47 MP: 5/5
  2126 | D:3      | Killed richardnixon's ghost
  2126 | D:3      | Reached skill level 5 in Fighting
  2126 | D:3      | Reached XP level 6. HP: 13/56 MP: 6/6
  2181 | D:5      | Entered Level 5 of the Dungeon
  2320 | D:3      | Noticed Crazy Yiuf
  2327 | D:3      | Killed Crazy Yiuf
  2761 | D:4      | Reached skill level 5 in Armour
  2791 | D:4      | Reached XP level 7. HP: 60/61 MP: 7/7
  2944 | D:4      | Reached skill level 5 in Shields
  3176 | D:5      | HP: 2/93 [ogre/giant club (9)]
  3177 | D:5      | Slain by an ogre

Vault maps used:
D:1:      dpeg_arrival_prison
D:2:      grunt_temple_overflow_forces_of_nature, grunt_gozag_breadcrumbs,
          uniq_robin
D:3:      bloody_trog, kennysheep_generic_room_7, uniq_crazy_yiuf_cottage
D:4:      gup_sewer_entry_glass, first_bread
D:5:      old_standard_altar, serial_shops, nicolae_shop_behind_doors, shop

Skill      XL: |  1  2  3  4  5  6  7 |
---------------+----------------------+-----
Fighting       | 4 5 |  5.7
Axes           | 3 4 |  4.7
Dodging        | 1 2 |  2.4
Shields        | 4 5 |  5.2
Armour         | 4 5 |  5.5
Throwing       | |  0.8
Stealth        | |  0.3

Action                   |  1- 3 |  4- 6 |  7- 9 || total
-------------------------+-------+-------+-------++-------
Melee: War axe           |   164 |   134 |    45 ||   343
Throw: Javelin           |     6 |     4 |       ||    10
Evoke: Wand              |       |       |     1 ||     1
  Use: Scroll            |     5 |     3 |       ||     8
       Potion            |       |     5 |     5 ||    10
  Eat: Pizza             |     1 |       |       ||     1
       Bread ration      |       |     1 |     1 ||     2
       Beef jerky        |       |     1 |       ||     1
Armor: Scale mail        |    56 |    89 |     7 ||   152
       Skin              |       |       |     2 ||     2
Dodge: Dodged            |    41 |    62 |    14 ||   117
Block: Shield            |    92 |    82 |    21 ||   195
